 Dungeon Sprint DCSS version 0.19-a0-1005-gf5a4b3b (webtiles) character file.

9000000 Musica the Formicid Barricade (level 27, -18/249 HPs)
             Began as a Formicid Fighter on July 19, 2016.
             Was the Champion of Makhleb.
             Demolished by The Servant
             ... wielding a +9 glaive of flaming
              (144 damage)
             ... in the Dungeon (Sprint VIII: "Arena of Blood").
             The game lasted 00:06:12 (90 turns).

Musica the Formicid Barricade (Formicid Fighter)      Turns: 90, Time: 00:06:12

Health: -18/249    AC: 13    Str: 24    XL:     27
Magic:  39/54      EV: 32    Int:  9    God:    Makhleb [******]
Gold:   0          SH: 19    Dex: 19    Spells: 0 memorised, 80 levels left

rFire  . . .     SeeInvis +     l - +∞ Axe of Woe
rCold  . . .     Gourm    .     b - +0 scale mail
rNeg   . . .     Faith    .     c - +0 shield
rPois  .         Spirit   .     (helmet unavailable)
rElec  .         Dismiss  .     (no cloak)
rCorr  .         Reflect  .     (no gloves)
SustAt .         Harm     .     (no boots)
MR     ++...                    (no amulet)
Stlth  ++++++++..               (no ring)
                                (no ring)

@: marked, very resistant to hostile enchantments, extraordinarily stealthy
A: permanent stasis, dig shafts and tunnels, four strong arms, antennae 3
a: Dig, Minor Destruction, Lesser Servant of Makhleb, Major Destruction, Greater
Servant of Makhleb, Renounce Religion


You were in the Dungeon.
You worshipped Makhleb.
Makhleb was exalted by your worship.
You were not hungry.

You visited 1 branch

Inventory:

Hand Weapons
 a - a +0 war axe
 l - the +∞ Axe of Woe (weapon)
   (You found it in the Dungeon)
Armour
 b - a +0 scale mail (worn)
 c - a +0 shield (worn)
Scrolls
 k - a scroll of blinking
Potions
 d - a potion of might
 e - a potion of curing
 g - a potion of heal wounds
 h - a potion of haste
 i - 2 potions of magic
 j - a potion of berserk rage
Comestibles
 f - a bread ration


   Skills:
 O Level 27 Fighting
 O Level 27 Axes
 O Level 27 Throwing
 O Level 27 Armour
 O Level 27 Dodging
 O Level 27 Stealth
 O Level 27 Shields
 O Level 27 Unarmed Combat
 O Level 27 Spellcasting
 O Level 27 Invocations


You had 80 spell levels left.
You didn't know any spells.

Dungeon Overview and Level Annotations

Branches:
Dungeon (1/1)

Altars:
Makhleb

Annotations:
D The Servant


Innate Abilities, Weirdness & Mutations

You are under a permanent stasis effect.
You can dig through walls and to a lower floor.
Your four strong arms can wield two-handed weapons with a shield.
You have a pair of large antennae on your head. (SInv)


Message History

The meat berserker rages. 2 ogres and a hell beast come into view.
Unknown command.
You slash the bag of meat!
You cleave the bag of meat in twain.
You kill the bag of meat!
Makhleb accepts your kill.
You slice the meat berserker!!
You cleave the meat berserker in twain.
You kill the meat berserker!
Makhleb accepts your kill.
You slice the bag of meat!!
You cleave the bag of meat in twain.
You kill the bag of meat!
Makhleb accepts your kill.
You hear a shout!
The eight-headed meat hydra calls on the powers of darkness!
The eight-headed meat hydra convulses!
The bag of meat convulses!
The meat berserker convulses!
Your body is wracked with pain!
You hear a shout!
The Servant hits you from afar with a +9 glaive of flaming!!!!!
Ouch! That really hurt!
You die...

.#..oo.)o)......##
#....O#o2....O.#.zD
.....{oO).%O..o#z..
....o##)#.O.......
.....2.o.O.Ooo....
.####...o#W..%.###
.......C@.......#.
#..........))......
####......)@.......
################


You could see 2 meat beasts, The Servant, an eight-headed meat hydra, 2
sculptors of flesh, a large bag of meat (inner flame), a wretched soul
(invisible), 6 meat berserkers and 8 bags of meat.

Vanquished Creatures
  Sigmund (D)
  9 hell beasts (D)
  2 greater mummies (D)
  2 wraiths (D)
  10 vampire knights (D)
  28 ogres (D)
  5 liches (D)
  2 hydras (D)
  50 orcs (D)
  A phantom (D)
  6 hill giants (D)
  5 skeletal warriors (D)
  5 large abominations (D)
  4 small abominations (D)
  10 crawling corpses (D)
140 creatures vanquished.

Vanquished Creatures (others)
  An orc (D)
  2 crawling corpses (D)
3 creatures vanquished.

Grand Total: 143 creatures vanquished

Notes
Turn   | Place    | Note
-------+----------+-------------------------------------------
     0 | D        | Musica the Formicid Fighter began the quest for the Orb.
     0 | D        | Reached XP level 1. HP: 18/18 MP: 1/1
     2 | D        | Noticed a bag of meat
     2 | D        | Noticed a bag of meat
     2 | D        | Noticed a bag of meat
     3 | D        | Became a worshipper of Makhleb the Destroyer
     5 | D        | Killed a bag of meat
     5 | D        | Reached XP level 2. HP: 47/47 MP: 2/2
     5 | D        | Reached XP level 3. HP: 53/53 MP: 3/3
     5 | D        | Reached XP level 4. HP: 60/60 MP: 4/4
     5 | D        | Reached XP level 5. HP: 67/67 MP: 5/5
     5 | D        | Reached XP level 6. HP: 74/74 MP: 6/6
     5 | D        | Reached XP level 7. HP: 80/80 MP: 7/7
     5 | D        | Reached XP level 8. HP: 87/87 MP: 8/8
     5 | D        | Reached XP level 9. HP: 94/94 MP: 9/9
     5 | D        | Reached XP level 10. HP: 101/101 MP: 10/10
     5 | D        | Reached XP level 11. HP: 107/107 MP: 11/11
     5 | D        | Reached XP level 12. HP: 114/114 MP: 12/12
     7 | D        | Killed a bag of meat
     7 | D        | Reached * piety under Makhleb
     7 | D        | Reached skill level 10 in Axes
     7 | D        | Reached XP level 13. HP: 127/127 MP: 13/13
     8 | D        | Noticed a bag of meat
     8 | D        | Killed a bag of meat
     8 | D        | Reached XP level 14. HP: 138/138 MP: 14/14
     9 | D        | Noticed a bag of meat
     9 | D        | Noticed a bag of meat
     9 | D        | Noticed a bag of meat
    10 | D        | Noticed a bag of meat
    10 | D        | Noticed a meat berserker
    10 | D        | Noticed a bag of meat
    10 | D        | Noticed a bag of meat
    10 | D        | Noticed a bag of meat
    10 | D        | Noticed a bag of meat
    10 | D        | Noticed a bag of meat
    10 | D        | Noticed a meat berserker
    11 | D        | Noticed a bag of meat
    11 | D        | Noticed a bag of meat
    11 | D        | Noticed a bag of meat
    11 | D        | Noticed a bag of meat
    11 | D        | Noticed a bag of meat
    11 | D        | Noticed a bag of meat
    11 | D        | Noticed a bag of meat
    11 | D        | Noticed a large bag of meat
    12 | D        | Noticed a bag of meat
    12 | D        | Noticed a bag of meat
    12 | D        | Killed a bag of meat
    12 | D        | Reached ** piety under Makhleb
    12 | D        | Reached XP level 15. HP: 148/148 MP: 15/15
    12 | D        | Reached skill level 5 in Stealth
    13 | D        | Noticed a meat berserker
    13 | D        | Noticed a meat berserker
    13 | D        | Reached *** piety under Makhleb
    13 | D        | Reached XP level 16. HP: 161/161 MP: 16/16
    14 | D        | Noticed a meat berserker
    14 | D        | Killed a meat berserker
    14 | D        | Reached skill level 15 in Axes
    14 | D        | Reached skill level 27 in Shields
    14 | D        | Reached skill level 27 in Fighting
    14 | D        | Reached skill level 27 in Armour
    14 | D        | Reached skill level 10 in Stealth
    14 | D        | Reached XP level 17. HP: 174/174 MP: 17/17
    14 | D        | Killed a meat berserker
    14 | D        | Reached **** piety under Makhleb
    14 | D        | Reached skill level 5 in Dodging
    14 | D        | Reached XP level 18. HP: 182/182 MP: 18/18
    14 | D        | Reached skill level 27 in Axes
    15 | D        | Noticed a meat berserker
    15 | D        | Reached ***** piety under Makhleb
    15 | D        | Reached skill level 10 in Dodging
    15 | D        | Reached XP level 19. HP: 189/189 MP: 19/19
    15 | D        | Reached skill level 27 in Stealth
    16 | D        | Noticed a meat berserker
    16 | D        | Reached XP level 20. HP: 197/197 MP: 20/20
    16 | D        | Reached ****** piety under Makhleb
    16 | D        | Reached skill level 27 in Dodging
    17 | D        | Reached skill level 10 in Throwing
    17 | D        | Reached skill level 10 in Unarmed Combat
    17 | D        | Reached skill level 10 in Spellcasting
    17 | D        | Reached XP level 21. HP: 204/204 MP: 20/35
    17 | D        | Killed a meat berserker
    17 | D        | Reached skill level 15 in Throwing
    17 | D        | Reached skill level 15 in Unarmed Combat
    17 | D        | Reached skill level 15 in Spellcasting
    18 | D        | Killed a meat berserker
    18 | D        | Reached XP level 22. HP: 212/212 MP: 20/44
    19 | D        | Noticed a meat berserker
    19 | D        | Killed a meat berserker
    20 | D        | Noticed a meat berserker
    20 | D        | Killed a meat berserker
    20 | D        | Reached XP level 23. HP: 219/219 MP: 20/49
    21 | D        | Noticed a destroyer
    21 | D        | Reached skill level 27 in Invocations
    22 | D        | Reached XP level 24. HP: 227/227 MP: 21/53
    22 | D        | Reached skill level 27 in Throwing
    22 | D        | Reached skill level 27 in Unarmed Combat
    22 | D        | Reached skill level 27 in Spellcasting
    27 | D        | Noticed a destroyer
    27 | D        | Reached XP level 25. HP: 234/234 MP: 22/54
    27 | D        | Killed a destroyer
    28 | D        | Reached XP level 26. HP: 232/242 MP: 22/54
    29 | D        | Noticed a destroyer
    32 | D        | Reached XP level 27. HP: 249/249 MP: 23/54
    33 | D        | Noticed a destroyer
    35 | D        | Noticed a destroyer
    36 | D        | Killed a destroyer
    36 | D        | Killed a destroyer
    36 | D        | Killed a destroyer
    38 | D        | Noticed a destroyer
    39 | D        | Killed a destroyer
    42 | D        | Noticed a destroyer
    43 | D        | Killed a destroyer
    44 | D        | Noticed a tyrant
    46 | D        | Killed a destroyer
    49 | D        | Noticed a tyrant
    49 | D        | Noticed a tyrant
    50 | D        | Killed a tyrant
    52 | D        | Noticed an accursed
    53 | D        | Noticed a tyrant
    54 | D        | Noticed an accursed
    55 | D        | Noticed a destroyer
    56 | D        | Killed an accursed
    57 | D        | Killed a tyrant
    57 | D        | Noticed a destroyer
    58 | D        | Noticed a tyrant
    59 | D        | Noticed a destroyer
    59 | D        | Killed a tyrant
    60 | D        | Killed a destroyer
    60 | D        | Killed a destroyer
    62 | D        | Noticed a dread
    62 | D        | Killed a tyrant
    63 | D        | Noticed a dread
    63 | D        | Killed an accursed
    65 | D        | Noticed The Captor
    66 | D        | Killed a tyrant
    69 | D        | Noticed a meat beast
    69 | D        | Killed a dread
    71 | D        | Killed a destroyer
    72 | D        | Noticed a meat beast
    72 | D        | Killed a meat beast
    73 | D        | Noticed a meat beast
    75 | D        | Killed a dread
    77 | D        | Noticed The Servant
    77 | D        | Killed The Captor
    77 | D        | Killed a meat beast
    77 | D        | Killed a meat beast
    78 | D        | Noticed an accursed
    78 | D        | Noticed a meat beast
    80 | D        | Noticed a meat beast
    81 | D        | Noticed a meat beast
    81 | D        | Killed a meat beast
    82 | D        | Noticed a meat beast
    83 | D        | Noticed a meat beast
    83 | D        | Killed a meat beast
    86 | D        | Noticed a meat beast
    86 | D        | Killed a meat beast
    88 | D        | Killed a meat beast
    88 | D        | Killed a meat beast
    89 | D        | Killed a meat beast
    90 | D        | Noticed a meat beast
    90 | D        | Demolished by The Servant

Vault maps used:
D:        meatsprint

Skill      XL: |  1  2  3  4  5  6  7  8  9 10 11 12 13 14 15 16 17 18 19 20 21 22 23 24 |
---------------+-------------------------------------------------------------------------+-----
Fighting       | 17 19 21 22 24 27 | 27.0
Axes           | 9 10 11 12 13 18 23 27 | 27.0
Armour         | 17 19 21 22 24 27 | 27.0
Shields        | 18 20 22 23 25 27 | 27.0
Stealth        | 2 4 6 10 14 26 27 | 27.0
Dodging        | 3 5 12 22 27 | 27.0
Throwing       | 10 18 22 26 27 | 27.0
Unarmed Combat | 10 18 22 26 27 | 27.0
Spellcasting   | 10 18 22 26 27 | 27.0
Invocations    | 12 21 26 27 | 27.0

Action                   |  1- 3 |  4- 6 |  7- 9 | 10-12 | 13-15 | 16-18 | 19-21 | 22-24 | 25-27 || total
-------------------------+-------+-------+-------+-------+-------+-------+-------+-------+-------++-------
Melee: Executioner's axe |     1 |       |       |     1 |     3 |     2 |     3 |     8 |    46 ||    64
 Stab: Distracted        |       |       |       |       |     1 |       |       |       |       ||     1
Armor: Scale mail        |       |       |       |       |       |       |       |       |     2 ||     2
Dodge: Dodged            |       |       |       |       |       |       |       |       |     6 ||     6
Block: Shield            |       |       |       |       |       |     2 |       |       |    13 ||    15
